 Dungeon Crawl Stone Soup version 0.29-a0-330-g52719c12eb (webtiles) character file.

Game seed: 17999734447580858541

8369 kae the Arsonist (level 10, -5/83 HPs)
             Began as a Demigod Fire Elementalist on Apr 21, 2022.
             Slain by a slime creature (16 damage)
             ... on level 9 of the Dungeon.
             The game lasted 00:10:53 (12267 turns).

kae the Arsonist (Demigod Fire Elementalist)       Turns: 12267, Time: 00:10:53

Health: -5/83      AC:  9    Str: 15    XL:     10   Next: 83%
Magic:  11/22      EV: 13    Int: 34    God:
Gold:   412        SH:  0    Dex: 14    Spells: 7/20 levels left

rFire   . . .      SeeInvis .   s - staff of conjuration
rCold   . . .      Faith    .   (no shield)
rNeg    . . .      Spirit   .   i - +3 ring mail of Doozon {Drain Int+5}
rPois   .          Reflect  .   (no helmet)
rElec   .          Harm     .   (no cloak)
rCorr   +          Rampage  .   (no gloves)
Will    +....                   (no boots)
Stlth   +.........              t - amulet of magic regeneration
HPRegen 0.23/turn               f - ring of Vufig {rCorr Str+6}
MPRegen 0.58/turn               (no ring)

@: about to teleport, very slow
A: high MP 1, forlorn, divine attributes
a: no special abilities


You were on level 9 of the Dungeon.
You visited 1 branch of the dungeon, and saw 9 of its levels.

You collected 490 gold pieces.
You spent 78 gold pieces at shops.

Inventory:

Hand Weapons
 e - a +1 dagger
Missiles
 o - 4 throwing nets
Armour
 a - a +1 robe
 i - the +3 ring mail of Doozon (worn) {Drain Int+5}
   (You found it on level 3 of the Dungeon)

   Int:       It affects your intelligence (+5).
   Drain:     It drains your maximum health when unequipped.
 w - +0 acid dragon scales
Magical Staves
 s - a staff of conjuration (weapon)
Jewellery
 f - the ring of Vufig (left hand) {rCorr Str+6}
   (You found it on level 2 of the Dungeon)

   [ring of resist corrosion]

   Str:       It affects your strength (+6).
   rCorr:     It protects you from acid and corrosion.
 t - an amulet of magic regeneration (around neck)
Wands
 k - a wand of flame (21)
 u - a wand of iceblast (35)
Scrolls
 d - 2 scrolls of teleportation
 l - a scroll of amnesia
 q - a scroll of summoning
 r - a scroll of enchant armour
Potions
 b - 2 potions of magic
 c - 3 potions of curing
 g - 5 potions of heal wounds
 j - 3 potions of mutation
 m - 4 potions of degeneration
 n - 3 potions of might
 p - 3 potions of attraction
 v - a potion of haste
 x - a potion of invisibility {unknown}


   Skills:
 + Level 6.0 Fighting
 + Level 5.4 Armour
 + Level 5.7 Dodging
 - Level 1.7 Stealth
 + Level 5.9 Spellcasting
 + Level 6.1 Conjurations
 * Level 9.2 Fire Magic


You had 7 spell levels left.
You knew the following spells:

 Your Spells              Type           Power      Damage    Failure   Level
a - Foxfire               Conj/Fire      100%       2x1d9     1%          1
b - Scorch                Fire           100%       2d10      1%          2
c - Conjure Flame         Conj/Fire      75%        6-21      1%          3
d - Inner Flame           Hex/Fire       41%        N/A       3%          3
e - Flame Wave            Conj/Fire      75%        2d13      3%          4

Your spell library contained the following spells:

 Spells                   Type           Power      Damage    Failure   Level
 Dazzling Flash           Conj/Hex       92%        N/A       6%          3
 Beastly Appendage        Tmut           20%        N/A       8%          1
 Blink                    Tloc           20%        N/A       12%         2
 Corpse Rot               Necr/Air       20%        N/A       12%         2
 Poisonous Vapours        Pois/Air       20%        N/A       12%         2
 Wereblood                Tmut           10%        N/A       12%         2
 Confusing Touch          Hex            10%        N/A       22%         3
 Lesser Beckoning         Tloc           10%        N/A       22%         3
 Spider Form              Tmut/Pois      10%        N/A       22%         3
 Iskenderun's Mystic Bla  Conj/Tloc      46%        2d10      22%         4
 Starburst                Conj/Fire      37%        6d11      45%         6
 Dispel Undead            Necr           10%        3d9       58%         4
 Manifold Assault         Tloc           10%        N/A       91%         5
 Summon Forest            Summ/Tloc      5%         N/A       91%         5
 Summon Mana Viper        Hex/Summ       10%        N/A       91%         5
 Yara's Violent Unravell  Hex/Tmut       5%         3d4       91%         5
 Death Channel            Necr           5%         N/A       100%        6
 Summon Cactus Giant      Summ           5%         N/A       100%        6
 Enfeeble                 Hex            5%         N/A       100%        7
 Borgnjor's Revivificati  Necr           5%         N/A       100%        8
 Necromutation            Tmut/Necr      5%         N/A       100%        8
 Death's Door             Necr           5%         N/A       100%        9


Dungeon Overview and Level Annotations

Branches:
Dungeon (9/15)             Temple (0/1) D:4
   Lair: D:8-11         Orc: D:9-12

Shops:
D:5 *

Annotations:
D:3 2 runed translucent doors, VincentAMV's ghost, amateur GrFi
D:6 3 runed translucent doors, kae's ghost, novice DgFE


Innate Abilities, Weirdness & Mutations

You have an increased reservoir of magic. (+10% MP)
You shall have no god before yourself.
Your divine heritage dramatically boosts your attributes as you level up.


Message History

The slime creature is heavily wounded. (Press . to intensify the flame waves.)
The slime creature is engulfed in a cloud of scalding steam.
The slime creature hits you!
A wave of flame ripples out!
The flame wave engulfs the slime creature.
The slime creature is heavily wounded.
The slime creature hits you!
* * * LOW HITPOINT WARNING * * *
Really walk into that cloud of steam?
Okay, then.
Okay, then.
You feel much better.
The slime creature hits you but does no damage.
Casting: Flame Wave (dangerous; 3% risk of failure)
Confirm with . or Enter, or press ? or * to list all spells.
Flames lash the slime creature.
The slime creature is severely wounded.
The slime creature's fire resistance burns away.
You are engulfed in a cloud of scalding steam.
The slime creature is engulfed in a cloud of scalding steam.
The slime creature closely misses you.
You are engulfed in a cloud of scalding steam.
The slime creature is engulfed in a cloud of scalding steam.
The slime creature hits you but does no damage.
As you read the scroll of teleportation, it crumbles to dust.
You feel strangely unstable.
You are engulfed in a cloud of scalding steam.
* * * LOW HITPOINT WARNING * * *
The slime creature is engulfed in a cloud of scalding steam.
You kill the slime creature!
The slime creature is engulfed in a cloud of scalding steam.
The slime creature completely misses you.
You are engulfed in a cloud of scalding steam.
* * * LOW HITPOINT WARNING * * *
The slime creature is engulfed in a cloud of scalding steam.
The slime creature barely misses you.
The slime creature is engulfed in a cloud of scalding steam.
The slime creature hits you!
You die...

...........# .......
≈..≈≈≈.........#
......≈≈≈...≈≈.#........
.......≈≈≈≈..≈.........#
..<...≈≈≈≈...≈.#.......#
......≈§≈..∩.≈.#...J.JJ#
.......§§....≈.#J.)....#
......§§≈....≈......Y.<#
.......@J.≈≈.≈..###÷####
#####...J†§..≈.# #.#
####..≈§§†≈..≈.# #.#
#####.....≈≈§†≈..≈.# ##.# ####
#...'.......≈.≈≈..≈# #..#
...###.###.......≈.≈≈≈.≈###'###
...'...#
#.)....≈.≈≈≈.≈.......###
...#####
#......≈≈≈≈.≈≈≈......#.. ...#
#....................'.#


You could see 2 slime creatures.

Vanquished Creatures
  Erolcha (D:9)
  A black mamba (shapeshifter) (D:8)
  Joseph (D:9)
  Maggie (D:9)
  2 polar bears (D:9)
  2 slime creatures (D:9)
  A wyvern (D:8)
  16 yaks
  2 acid dragons
  2 water moccasins
  2 black bears (D:6)
  2 orc warriors
  A sky beast (D:7)
  4 ice beasts
  2 ogres
  5 centaurs
  2 bullfrogs
  4 kobold brigands
  2 necrophages
  A scorpion (D:4)
  A wight (D:8)
  3 electric eels (D:9)
  2 howler monkeys (D:8)
  2 jellies
  5 hounds
  8 orc priests
  2 gnoll shamans
  5 iguanas
  12 orc wizards
  Terence (D:3)
  12 gnolls
  4 adders
  A shadow imp (D:5)
  5 white imps
  A howler monkey simulacrum (D:9)
  6 ufetubi
  3 worms
  A dart slug (D:4)
  21 orcs
  4 bats
  7 endoplasms
  4 giant cockroaches
  9 hobgoblins
  8 quokkas
  5 ball pythons
  5 goblins
  22 kobolds
  3 rats
216 creatures vanquished.

Vanquished Creatures (collateral kills)
  An orc (D:3)
  A ball python (D:3)
  A foxfire (D:1)
3 creatures vanquished.

Vanquished Creatures (others)
  3 wights (D:9)
  An orc wizard (D:8)
  2 human simulacra (D:9)
  623 foxfires
  A plant (D:5)
  2 withered plants (D:5)
632 creatures vanquished.

Grand Total: 851 creatures vanquished

Notes
Turn   | Place    | Note
-------+----------+-------------------------------------------
     0 | D:1      | kae the Demigod Fire Elementalist began the quest for the
                  | Orb.
     0 | D:1      | Reached XP level 1. HP: 14/14 MP: 5/5
    73 | D:1      | Reached skill level 1 in Conjurations
   458 | D:1      | Reached XP level 2. HP: 22/22 MP: 2/7
   517 | D:1      | Reached skill level 3 in Fire Magic
  1074 | D:2      | Identified the ring of Vufig {rCorr Str+6}
  1086 | D:2      | Learned a level 2 spell: Scorch
  1420 | D:2      | Reached skill level 1 in Fighting
  1750 | D:2      | Reached XP level 3. HP: 28/28 MP: 5/8
  1754 | D:2      | Learned a level 3 spell: Conjure Flame
  2224 | D:3      | Identified the +3 ring mail of Doozon {Drain Int+5}
  2528 | D:3      | Reached XP level 4. HP: 18/35 MP: 0/10
  2809 | D:3      | Found a large runed translucent door.
  2809 | D:3      | Found a large runed translucent door.
  2919 | D:3      | Noticed Terence
  3422 | D:3      | Killed Terence
  3423 | D:3      | Reached skill level 4 in Fire Magic
  3423 | D:3      | Reached XP level 5. HP: 34/41 MP: 3/11
  3527 | D:3      | Noticed VincentAMV's ghost (amateur GrFi)
  4212 | D:4      | Noticed an ogre
  4220 | D:4      | Killed an ogre
  4221 | D:4      | Reached XP level 6. HP: 36/49 MP: 7/13
  4225 | D:4      | Learned a level 3 spell: Inner Flame
  4859 | D:4      | Found a staircase to the Ecumenical Temple.
  5092 | D:5      | Entered Level 5 of the Dungeon
  5138 | D:5      | Noticed a yak
  5140 | D:5      | Noticed a yak
  5371 | D:5      | Reached skill level 1 in Armour
  5371 | D:5      | Reached skill level 5 in Fire Magic
  5401 | D:5      | Reached XP level 7. HP: 52/56 MP: 9/15
  5818 | D:5      | Noticed a yak
  5819 | D:5      | Noticed a yak
  5860 | D:5      | Killed a yak
  5864 | D:5      | Killed a yak
  5979 | D:5      | Killed a yak
  5980 | D:5      | Reached skill level 6 in Fire Magic
  5980 | D:5      | Reached XP level 8. HP: 57/63 MP: 2/17
  6379 | D:5      | Found Dodeh's Assorted Antiques.
  6386 | D:5      | Bought a scroll labelled AGEUXAPIURCH for 21 gold pieces
  6386 | D:5      | Bought a fizzy silvery potion for 18 gold pieces
  6386 | D:5      | Bought a fuming green potion for 18 gold pieces
  6386 | D:5      | Bought a scroll labelled BIERET ENYFY for 21 gold pieces
  7090 | D:6      | Noticed kae's ghost (novice DgFE)
  7464 | D:6      | Learned a level 4 spell: Flame Wave
  7540 | D:6      | Found a runed translucent gate.
  7540 | D:6      | Found a runed translucent gate.
  7540 | D:6      | Found a runed translucent gate.
  8216 | D:6      | Noticed an angel
  8407 | D:6      | Reached skill level 7 in Fire Magic
  8407 | D:6      | Reached XP level 9. HP: 46/72 MP: 12/19
  9753 | D:8      | Noticed a black mamba
  9758 | D:8      | Killed a black mamba
  9949 | D:8      | Reached skill level 5 in Conjurations
  9964 | D:8      | Reached skill level 5 in Fighting
  9964 | D:8      | Reached skill level 5 in Spellcasting
 10631 | D:9      | Reached skill level 8 in Fire Magic
 10937 | D:9      | Reached XP level 10. HP: 66/81 MP: 14/21
 11017 | D:9      | Reached skill level 5 in Dodging
 11119 | D:9      | Noticed Maggie
 11145 | D:9      | Killed Maggie
 11452 | D:9      | HP: 2/82 [yak (11)]
 11809 | D:8      | Reached skill level 5 in Armour
 11976 | D:9      | Noticed Joseph
 11984 | D:9      | Killed Joseph
 12217 | D:9      | Noticed Erolcha
 12225 | D:9      | Killed Erolcha
 12226 | D:9      | Reached skill level 9 in Fire Magic
 12267 | D:9      | Slain by a slime creature

Illustrated notes

Levels and vault maps discovered:
D:1:      lemuel_arrival_hallway, layout_basic,
          shapermc_ecumenical_altar_acropolis, minmay_split_cup_small
D:2:      layout_basic, st_stairs_12
D:3:      layout_loops_cross, ebering_ghost_disaster_area, serial_glass,
          glass_columns_b, glass_columns_a, kennysheep_generic_room_16,
          uniq_terence
D:4:      layout_basic, marbit_many_paths, mainiacjoe_overflow_surrounded_room,
          minmay_temple_entry_statues_pillars
D:5:      layout_cave_pods, mainiacjoe_overflow_concentric_impassable,
          grunt_temple_overflow_growth_and_decay, serial_shops, shop,
          hangedman_abyss_or_decor_lesser_grid, hangedman_decor_clover_reticule
D:6:      layout_loops_ring, grunt_temple_overflow_holy_war,
          mainiacjoe_overflow_alcove_2, gammafunk_ghost_icy,
          minmay_misc_feat_roman
D:7:      layout_basic, serial_bayou_crossing
D:8:      minmay_opposing_rooms, layout_basic, cheibrodos_worm_habitat
D:9:      layout_roguey [special_room_orc], elyvilon_altar_3, serial_ice,
          serial_ice_j, serial_ice_d, serial_ice_e, serial_ice_c, serial_ice_a,
          serial_ice_f, serial_ice_o, serial_ice_b, bh_circular_ruins,
          uniq_erolcha, uniq_joseph, uniq_maggie

Skill      XL: |  1  2  3  4  5  6  7  8  9 10 |
---------------+-------------------------------+-----
Conjurations   | 1 2 3 4 5 6 |  6.1
Fire Magic     | 3 4 5 6 7 8 9 |  9.2
Spellcasting   | 2 3 4 5 |  5.9
Fighting       | 1 2 3 4 5 6 |  6.0
Dodging        | 2 3 4 5 |  5.7
Armour         | 1 2 3 4 5 |  5.4
Stealth        | |  1.7

Action                   |  1- 3 |  4- 6 |  7- 9 | 10-12 || total
-------------------------+-------+-------+-------+-------++-------
Melee: Unarmed           |     6 |       |       |       ||     6
       Dagger            |     7 |     9 |    19 |       ||    35
       Staff             |       |       |    29 |     3 ||    32
       Punch             |       |       |     3 |       ||     3
 Cast: Foxfire           |    87 |    61 |   174 |    50 ||   372
       Scorch            |     5 |    28 |    77 |     9 ||   119
       Conjure Flame     |       |     1 |     5 |     2 ||     8
       Flame Wave        |       |       |     9 |    10 ||    19
       Inner Flame       |       |       |       |     1 ||     1
  Use: Scroll            |     6 |     4 |     8 |     3 ||    21
       Potion            |     1 |     1 |     1 |     1 ||     4
Armor: Robe              |     6 |       |       |       ||     6
       Ring mail         |     3 |    32 |    77 |    22 ||   134
Dodge: Dodged            |    24 |    40 |   127 |    29 ||   220

Table legend: (Time is in decaauts)
 A = Elapsed time spent in this place.
 B = Non-inter-level travel time spent in this place.
 C = Inter-level travel time spent in this place.
 D = Time resting spent in this place.
 E = Time spent auto-exploring this place.
 F = Levels seen in this place.
 G = Mean time per level.
                   A        B        C        D        E       F      G
               +--------+--------+--------+--------+--------+-----+--------+
         Total |  12302 |  11914 |    388 |   1997 |   8065 |   9 | 1366.9 |
       Dungeon |  12302 |  11914 |    388 |   1997 |   8065 |   9 | 1366.9 |
               +--------+--------+--------+--------+--------+-----+--------+

Top non-repeatable levels by time:
     D:6: 1561 daAuts
     D:5: 1560 daAuts
     D:8: 1530 daAuts
     D:2: 1518 daAuts
     D:3: 1397 daAuts
     D:4: 1340 daAuts
     D:9: 1227 daAuts
     D:7: 1111 daAuts
     D:1: 1053 daAuts
